 Dungeon Crawl Stone Soup version 0.24.0-13-gcf9b3192b9 (webtiles) character file.

Game seed: 1084933157419386457, levelgen mode: deterministic

16232 magipi the Basher (level 12, 0/159 HPs)
             Began as a Minotaur Berserker on Nov 7, 2019.
             Was a High Priest of Trog.
             Slain by Donald
             ... wielding a +0 vampiric scimitar
              (19 damage)
             ... on level 2 of the Orcish Mines.
             The game lasted 00:33:43 (13793 turns).

magipi the Basher (Minotaur Berserker)             Turns: 13793, Time: 00:33:44

Health: 0/159      AC: 22    Str: 28    XL:     12   Next: 8%
Magic:  18/18      EV:  8    Int:  6    God:    Trog [*****.]
Gold:   999        SH:  0    Dex: 15    Spells: 11/11 levels left

rFire    . . .     SeeInvis .   V - +11 quarterstaff "Vuicef" {protect, rC+}
rCold    + . .     Gourm    .   (shield currently unavailable)
rNeg     . . .     Faith    .   Q - +0 plate armour
rPois    .         Spirit   .   (helmet restricted)
rElec    .         Reflect  .   (no cloak)
rCorr    .         Harm     .   L - +2 pair of gloves {Dex+3}
MR       .....                  j - +0 pair of boots
Stlth    ..........             (no amulet)
HPRegen  0.36/turn              (no ring)
MPRegen  0.16/turn              (no ring)

@: berserking (expiring), protection aura, very quick
A: retaliatory headbutt, horns 2
a: Berserk, Trog's Hand, Brothers in Arms, Renounce Religion


You were on level 2 of the Orcish Mines.
You worshipped Trog.
Trog was extremely pleased with you.
You were very hungry.

You visited 2 branches of the dungeon, and saw 13 of its levels.

You collected 1454 gold pieces.
You spent 455 gold pieces at shops.

Inventory:

Hand Weapons
 a - a +5 mace of freezing
   (You took it off a wight on level 9 of the Dungeon)
 b - a +2 whip of flaming
   (You took it off Pikel on level 4 of the Dungeon)
 E - a +3 morningstar
   (You took it off an orc on level 7 of the Dungeon)
 V - the +11 quarterstaff "Vuicef" (weapon) {protect, rC+}
   (Trog gifted it to you on level 2 of the Orcish Mines)

   It grants its wielder temporary protection when it strikes (+7 to AC).
   It protects you from cold.
Missiles
 o - 2 throwing nets
 p - 15 boomerangs
 s - 13 javelins (quivered)
 I - 2 silver javelins
Armour
 j - a +0 pair of boots (worn)
   (You found it on level 1 of the Dungeon)
 L - a +2 pair of gloves of dexterity (worn)
   (You bought it in a shop on level 7 of the Dungeon)
 M - a +0 chain mail of cold resistance
   (You found it on level 7 of the Dungeon)
 Q - a +0 plate armour (worn)
   (You took it off an orc warrior on level 11 of the Dungeon)
Jewellery
 c - an uncursed ring of fire {unknown}
   (You found it on level 4 of the Dungeon)
 h - an uncursed ring of protection from fire {unknown}
   (You found it on level 6 of the Dungeon)
 i - an uncursed amulet of harm {unknown}
   (You found it on level 1 of the Dungeon)
 q - an uncursed ring of magical power {unknown}
   (You found it on level 7 of the Dungeon)
 A - an uncursed ring of positive energy {unknown}
   (You found it on level 6 of the Dungeon)
 C - an uncursed amulet of harm {unknown}
   (You found it on level 6 of the Dungeon)
 F - a cursed amulet of rage {unknown}
   (You found it on level 6 of the Dungeon)
 O - the amulet "Quaruzanua" {rF++ MR++ Regen+ Dex+2, unknown}
   (You found it on level 8 of the Dungeon)

   [amulet of regeneration]

   It affects your dexterity (+2).
   It greatly protects you from fire.
   It affects your resistance to hostile enchantments.
   It increases your rate of regeneration.
 S - an uncursed ring of positive energy {unknown}
   (You found it on level 10 of the Dungeon)
Wands
 y - a wand of scattershot (2)
   (You took it off Ijyb on level 5 of the Dungeon)
 z - a wand of enslavement (12)
   (You bought it in a shop on level 6 of the Dungeon)
 R - a wand of polymorph (13)
   (You found it on level 10 of the Dungeon)
Scrolls
 d - a scroll of fear {unknown}
 e - 4 scrolls of fog {unknown}
 f - 8 scrolls of teleportation {unknown}
 g - 4 scrolls of remove curse {unknown}
 m - 16 scrolls of identify {unknown}
 r - 5 scrolls of enchant armour {unknown}
 t - 2 scrolls of amnesia {unknown}
 v - a scroll of random uselessness {unknown}
 w - 2 scrolls of blinking {unknown}
 D - 2 scrolls of enchant weapon {unknown}
 P - a scroll of magic mapping {unknown}
Potions
 k - a potion of heal wounds
 l - 3 potions of magic {unknown}
 n - 8 potions of curing
 u - 2 potions of cancellation {unknown}
 B - a potion of ambrosia {unknown}
 G - a potion of resistance {unknown}
 H - a potion of flight {unknown}
 J - 2 potions of lignification
 K - a potion of berserk rage {unknown}
 T - a potion of brilliance {unknown}
Miscellaneous
 N - a lamp of fire
   (You found it on level 9 of the Dungeon)
Comestibles
 x - 20 rations


   Skills:
 - Level 10.0 Fighting
 - Level 12.0(12.5) Maces & Flails
 * Level 5.9(9.8) Staves
 - Level 10.1 Throwing
 - Level 2.4 Armour
 - Level 2.1 Dodging
 + Level 9.7 Evocations


You had 11 spell levels left.
You didn't know any spells.
Your spell library was empty.

Dungeon Overview and Level Annotations

Branches:
Dungeon (11/15)            Temple (0/1) D:7            Lair (0/6) D:8
    Orc (2/2) D:11            Elf (0/3) Orc:2

Altars:
Ashenzari
Cheibriados
Dithmenos
Elyvilon
Gozag
Makhleb
Nemelex Xobeh
Ru
Sif Muna
Uskayaw
Zin

Shops:
D:5 (!((   D:6 }   D:7 [   D:11 *

Annotations:
D:11 1 runed translucent door, OleJ's ghost, journeyman SpFE
Orc:2 Donald


Innate Abilities, Weirdness & Mutations

You reflexively headbutt those who attack you in melee.
You have a pair of horns on your head.


Message History

You headbutt the orc priest.
The orc priest is moderately wounded.
An orc warrior comes into view. It is wielding a +0 trident.
Your plate armour prevents you from hitting the orc priest.
The orc priest is moderately wounded.
The orc warrior shouts!
The orc priest looks encouraged for a moment.
Unknown command.
You bludgeon the orc priest!!
Your weapon exudes an aura of protection.
You kill the orc priest!
Trog accepts your kill.
The orc warrior throws a boomerang.
The boomerang hits you but does no damage.
The weapon returns to the orc warrior!
The orc barely misses you.
The orc warrior throws a boomerang.
The boomerang hits you but does no damage.
The weapon returns to the orc warrior!
Things that are here:
a +0 flail; an orc corpse You sock the orc!
You kill the orc!
Trog accepts your kill.
The orc warrior throws a boomerang.
The boomerang barely misses you.
The weapon returns to the orc warrior!
Unknown command.
Donald the Adventurer comes into view.
He is wielding a +0 vampiric scimitar and wearing a +2 plate armour of positive energy.
The orc warrior throws a boomerang.
The boomerang hits you but does no damage.
The weapon returns to the orc warrior!
You see here a +0 hand axe.
Unknown command.
Unknown command.
The orc warrior throws a boomerang.
The boomerang hits you.
The weapon returns to the orc warrior!
Unknown command.
The orc warrior hits you from afar with a +0 trident.
Unknown command.
Donald mumbles some strange words.
Donald seems to grow stronger.
The orc warrior hits you with a +0 trident.
Unknown command.
Unknown command.
The orc warrior throws a boomerang.
The boomerang hits you but does no damage.
The weapon returns to the orc warrior!
The orc warrior throws a boomerang.
The boomerang hits you!
The weapon returns to the orc warrior!
The orc warrior throws a boomerang.
The boomerang hits you!
The weapon returns to the orc warrior!
Donald gestures wildly while chanting.
Donald seems to speed up.
Donald says, "I hate ogres."
Donald ponders, "They're ugly as hell, too!"
A red film seems to cover your vision as you go berserk!
You feel yourself moving faster!
You feel mighty!
You are feeling very hungry.
Donald says, "Hey, I thought wands weren't allowed!"
You hit Donald but do no damage.
Your weapon exudes an aura of protection.
You headbutt Donald, but do no damage.
Donald hits you with a +0 vampiric scimitar!
The orc warrior throws a boomerang.
The boomerang closely misses you.
The weapon returns to the orc warrior!
Donald blocks your attack.
Donald says, "You troglodyte!"
Donald hits you with a +0 vampiric scimitar!!
You sock Donald! You headbutt Donald!!
Donald is heavily wounded.
The orc warrior throws a boomerang.
The boomerang hits you but does no damage.
The weapon returns to the orc warrior!
Donald blocks your attack.
You headbutt Donald!
Donald is heavily wounded.
Donald hits you with a +0 vampiric scimitar!!
The orc warrior throws a boomerang.
The boomerang barely misses you.
The weapon returns to the orc warrior!
Donald blocks your attack.
You headbutt Donald!!
Donald is almost dead.
Donald closely misses you. Donald blocks your attack.
Donald is almost dead.
The orc warrior throws a boomerang.
The boomerang hits you!
The weapon returns to the orc warrior!
Donald hits you with a +0 vampiric scimitar!!
* * * LOW HITPOINT WARNING * * *
Donald draws strength from your wounds!
You sock Donald! Donald blocks your attack.
Donald is almost dead.
You hit Donald.
Donald is almost dead.
Donald hits you with a +0 vampiric scimitar!
* * * LOW HITPOINT WARNING * * *
Donald draws strength from your wounds!
The orc warrior throws a boomerang.
The boomerang hits you but does no damage.
The weapon returns to the orc warrior!
Donald blocks your attack.
Donald is almost dead.
Donald hits you with a +0 vampiric scimitar!!
You die...

#### ###### ###..#
##.#..#######....#### ###
#......##.#.......#.## ###.# #.
###......#.............# #.... ..
#.#.........#.##.......###....
..##.#........##..).[.......#....
.....)..##..........#............
.......###.....@@..###...........
.......######.......###..........
........# ##.........##..........
...)....###......................
..)......#................#......
...#.....o....#..........####....
...####......#............####...
#.## #......###.#......#...# ##..
.o# ##.##### #####...###.## ###


You could see Donald and an orc warrior.

Vanquished Creatures
  A two-headed ogre (D:11)
  Erica (D:8)
  4 orc high priests
  Nergalle (D:10)
  An unseen horror (D:11)
  Pikel (D:4)
  2 orc knights
  An orc sorcerer (Orc:2)
  2 cyclopes
  Joseph (D:8)
  2 trolls
  2 hornets
  Grinder (D:4)
  A spriggan (D:11)
  12 yaks
  A wyvern (D:8)
  A soldier ant (D:10)
  An acid dragon (D:11)
  15 orc warriors
  3 sky beasts
  An eye of draining (D:10)
  2 phantoms
  A black bear (D:10)
  3 ogres
  5 centaurs
  5 bullfrogs
  2 big kobolds
  Blork the orc (D:5)
  2 scorpions
  4 killer bees (D:11)
  4 wights (D:9)
  3 crimson imps
  3 howler monkeys
  2 bullfrog zombies
  4 jellies
  3 quasits (D:10)
  2 centaur zombies
  A centaur skeleton (D:10)
  8 orc priests
  7 hounds
  A gnoll shaman (D:9)
  9 orc wizards
  2 bullfrog skeletons
  An iguana (D:11)
  Ijyb (D:5)
  Terence (D:2)
  5 worker ants
  3 hound zombies
  2 worker ant zombies
  Robin (D:2)
  9 adders
  6 gnolls
  A shadow imp (D:9)
  An adder zombie (D:6)
  An ooze (D:5)
  An adder skeleton (D:7)
  A dart slug (D:2)
  3 leopard geckos
  51 orcs
  5 bats
  10 giant cockroaches
  13 goblins
  12 hobgoblins
  3 jackals (D:6)
  4 quokkas
  A ball python (D:2)
  2 frilled lizards
  14 kobolds
  A leopard gecko skeleton (D:4)
  4 rats
286 creatures vanquished.

Vanquished Creatures (others)
  A fire vortex (Orc:2)
  3 fungi (D:11)
  3 plants (D:11)
7 creatures vanquished.

Grand Total: 293 creatures vanquished

Notes
Turn   | Place    | Note
-------+----------+-------------------------------------------
     0 | D:1      | magipi the Minotaur Berserker began the quest for the Orb.
     0 | D:1      | Reached XP level 1. HP: 19/19 MP: 0/0
   132 | D:1      | Reached skill level 4 in Maces & Flails
   531 | D:1      | Reached XP level 2. HP: 27/27 MP: 1/1
  1380 | D:2      | Reached XP level 3. HP: 30/33 MP: 2/2
  1388 | D:2      | Found a shadowy altar of Dithmenos.
  1469 | D:2      | Noticed Terence
  1501 | D:2      | Killed Terence
  1501 | D:2      | Reached skill level 5 in Maces & Flails
  1555 | D:2      | Found a white marble altar of Elyvilon.
  1644 | D:2      | Reached XP level 4. HP: 31/41 MP: 3/3
  1668 | D:2      | Reached ** piety under Trog
  1693 | D:2      | Noticed Robin
  1726 | D:2      | Killed Robin
  2540 | D:3      | Reached skill level 6 in Maces & Flails
  2769 | D:3      | Found a faded altar of an unknown god.
  3124 | D:4      | Noticed Grinder
  3162 | D:4      | Killed Grinder
  3162 | D:4      | Reached skill level 5 in Fighting
  3162 | D:4      | Reached skill level 7 in Maces & Flails
  3162 | D:4      | Reached XP level 5. HP: 50/50 MP: 4/4
  3162 | D:4      | Reached XP level 6. HP: 57/57 MP: 5/5
  3184 | D:4      | Noticed Pikel
  3184 | D:4      | Noticed a slave
  3184 | D:4      | Noticed a slave
  3187 | D:4      | Noticed a slave
  3187 | D:4      | Noticed a slave
  3222 | D:4      | Killed Pikel
  3222 | D:4      | Reached skill level 8 in Maces & Flails
  3222 | D:4      | Reached XP level 7. HP: 64/64 MP: 6/6
  3283 | D:4      | Found a shimmering blue altar of Sif Muna.
  3516 | D:4      | Found a hide-covered altar of Uskayaw.
  3517 | D:4      | Found a glowing silver altar of Zin.
  3657 | D:5      | Entered Level 5 of the Dungeon
  3657 | D:5      | Found Jaboer's Antique Weapon Shop.
  3685 | D:5      | Found Mokutopp's Distillery.
  3694 | D:5      | Bought a potion of curing for 30 gold pieces
  3694 | D:5      | Bought a potion of degeneration for 10 gold pieces
  3736 | D:5      | Found Riagopt's Weapon Shop.
  3764 | D:5      | Noticed Blork the orc
  3773 | D:5      | Reached skill level 9 in Maces & Flails
  3775 | D:5      | Killed Blork the orc
  3814 | D:5      | Found Want's Weapon Boutique.
  3884 | D:5      | Noticed Ijyb
  3898 | D:5      | Killed Ijyb
  3985 | D:5      | Reached XP level 8. HP: 71/71 MP: 7/7
  4231 | D:5      | Found Higa Civ's Gadget Emporium.
  4315 | D:5      | Found a burning altar of Makhleb.
  4479 | D:6      | Found Sicunush's Gadget Shoppe.
  4490 | D:6      | Bought a wand of enslavement (12) for 168 gold pieces
  4588 | D:6      | Found a sparkling altar of Nemelex Xobeh.
  4734 | D:6      | Reached skill level 1 in Evocations
  4780 | D:6      | Reached *** piety under Trog
  4876 | D:6      | Found an opulent altar of Gozag.
  5280 | D:7      | Reached skill level 10 in Maces & Flails
  5851 | D:7      | Found a staircase to the Ecumenical Temple.
  5946 | D:7      | Reached XP level 9. HP: 80/81 MP: 9/9
  5956 | D:7      | Found Yjudd's Antique Armour Shop.
  5964 | D:7      | Bought a pair of glowing gloves for 247 gold pieces
  6216 | D:7      | Found a snail-covered altar of Cheibriados.
  6405 | D:8      | Reached **** piety under Trog
  6538 | D:8      | Noticed Erica
  6553 | D:8      | Found a staircase to the Lair.
  6612 | D:8      | Reached skill level 11 in Maces & Flails
  6619 | D:8      | Killed Erica
  6619 | D:8      | Reached skill level 5 in Throwing
  6770 | D:8      | Got a fine zirconium amulet
  7080 | D:8      | Noticed Joseph
  7096 | D:8      | Killed Joseph
  7096 | D:8      | Reached skill level 12 in Maces & Flails
  7551 | D:9      | Reached XP level 10. HP: 91/91 MP: 12/12
  7721 | D:9      | Reached skill level 5 in Evocations
  7761 | D:9      | Found a shattered altar of Ashenzari.
  8356 | D:9      | Found a sacrificial altar of Ru.
  8627 | D:10     | Entered Level 10 of the Dungeon
  8637 | D:10     | Reached skill level 10 in Fighting
  8637 | D:10     | Noticed Nergalle
  8664 | D:9      | Noticed a spectral orc warlord
  8673 | D:10     | Killed Nergalle
  9030 | D:10     | Reached ***** piety under Trog
  9068 | D:10     | Received a gift from Trog
  9158 | D:10     | Reached XP level 11. HP: 92/99 MP: 15/15
  9610 | D:11     | Received a gift from Trog
  9625 | D:11     | Found a staircase to the Orcish Mines.
  9949 | D:11     | Found a runed translucent door.
  9952 | D:11     | Noticed OleJ's ghost (journeyman SpFE)
  9952 | D:11     | Identified the +9 trident of Articulation {drain, MR- Dex+5
                  | SInv}
 10135 | D:11     | Killed an unseen horror
 10597 | D:11     | Found Nostrida's Changing Room.
 10705 | D:11     | Received a gift from Trog
 11092 | D:11     | Paralysed by a hornet for 3 turns
 11119 | D:11     | Noticed a two-headed ogre
 11140 | D:11     | Killed a two-headed ogre
 11304 | Orc:1    | Entered Level 1 of the Orcish Mines
 11412 | Orc:2    | Entered Level 2 of the Orcish Mines
 11417 | Orc:2    | Found a staircase to the Elven Halls.
 11666 | Orc:1    | Received a gift from Trog
 11743 | Orc:1    | Noticed an orc high priest
 11753 | Orc:1    | Killed an orc high priest
 11753 | Orc:1    | Reached skill level 10 in Throwing
 12369 | Orc:2    | Received a gift from Trog
 12374 | Orc:2    | Got a translucent quarterstaff {god gift}
 12375 | Orc:2    | Identified the +11 quarterstaff "Vuicef" {protect, rC+}
                  | (Trog gifted it to you on level 2 of the Orcish Mines)
 12545 | Orc:2    | Noticed an orc high priest
 12545 | Orc:2    | Noticed an orc high priest
 12545 | Orc:2    | Noticed an orc high priest
 12545 | Orc:2    | Noticed an orc knight
 12545 | Orc:2    | Noticed an orc knight
 12545 | Orc:2    | Noticed an orc knight
 12546 | Orc:2    | Noticed an orc sorcerer
 12597 | Orc:1    | Killed an orc high priest
 12664 | Orc:1    | Killed an orc knight
 12699 | Orc:2    | Killed an orc high priest
 12765 | Orc:2    | Noticed an orc sorcerer
 12768 | Orc:2    | Paralysed by an orc sorcerer for 4 turns
 12774 | Orc:2    | Killed an orc sorcerer
 13554 | Orc:2    | Killed an orc knight
 13554 | Orc:2    | Reached skill level 5 in Staves
 13554 | Orc:2    | Reached XP level 12. HP: 106/106 MP: 18/18
 13708 | Orc:2    | Killed an orc high priest
 13763 | Orc:2    | Noticed Donald
 13793 | Orc:2    | Slain by Donald

Levels and vault maps discovered:
D:1:      grunt_arrival_crossed_arrows, layout_basic, minmay_misc_feat_diagonals
D:2:      minmay_roachtagon, layout_basic, marbit_many_paths,
          old_standard_altar, uniq_terence, uniq_robin
D:3:      layout_loops_cross, first_ration, chequers_ecumenical_altar_island
D:4:      layout_basic, nicolae_overflow_crystal_walls,
          amethyst_overflow_temple_binary, uniq_grinder, uniq_pikel
D:5:      layout_loops_ring, lightli_temple_of_fire, serial_shops,
          nicolae_shop_statue_plus, shop_fountains, shop, nicolae_shop_trees,
          shop_statue, uniq_ijyb, uniq_blork_the_orc
D:6:      layout_loops_ring, nemelex_xobeh_ov_fountains_minmay,
          grunt_gozag_breadcrumbs, serial_shops, shop_coins
D:7:      layout_loops_ring, kennysheep_mini_moat,
          minmay_temple_entry_crystal_x, serial_shops, shop, dk_vineyard_1
D:8:      layout_basic, lair_entry_dummy, uniq_joseph, uniq_erica
D:9:      layout_stronghold, ashenzari_conservatory_becter, kennysheep_mini
D:10:     layout_long_grid, uniq_nergalle
D:11:     layout_roguey, david_orc_2, ebering_ghost_funeral_grove,
          grunt_pizzeria, nicolae_transmutations_shop
Orc:1:    layout_caves
Orc:2:    st_orc_elflike, layout_diamond_mine, nicolae_volcano_entry_two_sided,
          nicolae_orc_bridge_out, uniq_donald

Skill      XL: |  1  2  3  4  5  6  7  8  9 10 11 |
---------------+----------------------------------+-----
Maces & Flails | 4 5 7 8 9 10 12 | 12.0
Fighting       | 4 5 6 8 9 10 | 10.0
Throwing       | 2 3 4 5 8 10 | 10.1
Evocations     | 2 4 7 9 |  9.7
Staves         | 5 |  5.9
Armour         | |  2.4
Dodging        | |  2.1

Action                   |  1- 3 |  4- 6 |  7- 9 | 10-12 || total
-------------------------+-------+-------+-------+-------++-------
Melee: Mace              |    66 |    86 |       |   305 ||   457
       Headbutt          |     4 |    12 |    68 |   118 ||   202
       Whip              |       |       |   292 |   104 ||   396
       Quarterstaff      |       |       |       |    56 ||    56
Throw: Javelin           |       |       |       |     3 ||     3
Invok: Berserk           |     2 |     3 |     7 |    13 ||    25
       Trog's Hand       |       |     2 |       |     2 ||     4
Evoke: Wand              |       |       |       |     2 ||     2
  Eat: Chunk             |     4 |     7 |    11 |    23 ||    45
       Ration            |       |     1 |     2 |     3 ||     6
Armor: Animal skin       |     6 |       |       |       ||     6
       Scale mail        |    14 |    54 |    40 |       ||   108
       Chain mail        |       |       |    52 |   106 ||   158
       Plate armour      |       |       |       |   131 ||   131
Dodge: Dodged            |    40 |    39 |    90 |   146 ||   315

Action                   |  1- 3 |  4- 6 |  7- 9 | 10-12 || total
-------------------------+-------+-------+-------+-------++-------
Melee: Mace              |    66 |    86 |       |   305 ||   457
       Headbutt          |     4 |    12 |    68 |   118 ||   202
       Whip              |       |       |   292 |   104 ||   396
       Quarterstaff      |       |       |       |    56 ||    56
Throw: Javelin           |       |       |       |     3 ||     3
Invok: Berserk           |     2 |     3 |     7 |    13 ||    25
       Trog's Hand       |       |     2 |       |     2 ||     4
Evoke: Wand              |       |       |       |     2 ||     2
  Eat: Chunk             |     4 |     7 |    11 |    23 ||    45
       Ration            |       |     1 |     2 |     3 ||     6
Armor: Animal skin       |     6 |       |       |       ||     6
       Scale mail        |    14 |    54 |    40 |       ||   108
       Chain mail        |       |       |    52 |   106 ||   158
       Plate armour      |       |       |       |   131 ||   131
Dodge: Dodged            |    40 |    39 |    90 |   146 ||   315
